 Dungeon Crawl Stone Soup version 0.29-a0-451-gfbfa42419e (webtiles) character file.

Game seed: 8119951450907897592

11947 IndexError the Frost Mage (level 11, -2/83 HPs)
             Began as a Gnoll Ice Elementalist on May 19, 2022.
             Was an Initiate of Ashenzari.
             Slain by a troll (5 damage)
             ... on level 10 of the Dungeon.
             The game lasted 00:28:04 (15434 turns).

IndexError the Frost Mage (Gnoll Ice Elementalist) Turns: 15434, Time: 00:28:04

Health: -2/83      AC: 15    Str:  8    XL:     11   Next: 85%
Magic:  15/23      EV: 14    Int: 19    God:    Ashenzari [......]
Gold:   243        SH:  5    Dex: 12    Spells: 10/26 levels left

rFire   + . .      SeeInvis .   l - staff of cold {rC+}
rCold   + . .      Faith    .   (no shield)
rNeg    . . .      Spirit   .   f - +2 leather armour {rF+}
rPois   .          Reflect  +   y - +0 hat
rElec   .          Harm     .   D - +2 cloak "I Knew You'd Do That" {Cun, Elem} (curse)
rCorr   .          Rampage  .   S - +0 pair of gloves
Will    .....                   z - +0 pair of boots
Stlth   ++++......              d - amulet of reflection
HPRegen 0.23/turn               K - +4 ring of protection
MPRegen 0.18/turn               (no ring)

@: lethally poisoned (-2 -> -2), freezing walls, slowed, very slow
A: fangs 1, strong nose, distributed training
a: Renounce Religion, Shatter the Chains


You were on level 10 of the Dungeon.
You worshipped Ashenzari.
Ashenzari was noncommittal.
You visited 2 branches of the dungeon, and saw 11 of its levels.

You collected 675 gold pieces.
You spent 432 gold pieces at shops.

Inventory:

Hand Weapons
 G - a +4 dagger
   (You took it off an orc on level 4 of the Dungeon)
Missiles
 j - 7 curare-tipped darts
 C - 3 boomerangs of dispersal {=f}
 F - a boomerang
Armour
 a - a +0 robe
 f - a +2 leather armour of fire resistance (worn)
   (You found it on level 1 of the Dungeon)
 m - a +0 robe
   (You took it off Jessica on level 3 of the Dungeon)
 o - a +0 scale mail
   (You took it off an orc on level 3 of the Dungeon)
 p - a +2 robe of willpower
   (You took it off a wight on level 6 of the Dungeon)
 q - a +0 robe
   (You found it on level 3 of the Dungeon)
 y - a +0 hat (worn)
   (You found it on level 7 of the Dungeon)
 z - a +0 pair of boots (worn)
   (You found it on level 8 of the Dungeon)
 D - the cursed +2 cloak "I Knew You'd Do That" (worn) {Cun, Elem}
   (You found it on level 2 of the Dungeon)

   It has a curse which improves the following skills: Cunning: Dodging and
   Stealth.
   Elements:  Fire Magic, Ice Magic, Air Magic and Earth Magic.
 H - a +0 leather armour
   (You found it on level 4 of the Dungeon)
 I - a +0 robe
   (You took it off an orc wizard on level 4 of the Dungeon)
 J - a +0 ring mail
   (You took it off an orc on level 4 of the Dungeon)
 L - a +0 robe
   (You took it off an orc wizard on level 4 of the Dungeon)
 M - a +0 scale mail
   (You took it off an orc on level 4 of the Dungeon)
 N - a +0 scale mail
   (You took it off an orc on level 4 of the Dungeon)
 O - a +0 robe
   (You took it off an orc wizard on level 4 of the Dungeon)
 P - a +0 ring mail
   (You took it off an orc on level 4 of the Dungeon)
 S - a +0 pair of gloves (worn)
   (You found it on level 5 of the Dungeon)
 T - a +0 ring mail
   (You found it on level 5 of the Dungeon)
 V - a +0 robe
   (You took it off an orc wizard on level 5 of the Dungeon)
 W - a +0 ring mail
   (You took it off an orc on level 5 of the Dungeon)
 X - a +0 ring mail
   (You took it off an orc on level 5 of the Dungeon)
Magical Staves
 l - a staff of cold (weapon) {rC+}
   (You found it on level 6 of the Dungeon)
 E - a staff of fire {rF+}
   (You found it on level 8 of the Dungeon)
Jewellery
 d - an amulet of reflection (around neck)
   (You found it on level 1 of the Dungeon)
 K - a +4 ring of protection (left hand)
   (You bought it in a shop on level 4 of the Dungeon)
Wands
 s - a wand of acid (2)
   (You found it on level 9 of the Dungeon)
 x - a wand of flame (3)
   (You found it on level 7 of the Dungeon)
Scrolls
 e - a scroll of fear
 g - a scroll of teleportation
 h - 3 scrolls of enchant weapon
 n - 2 scrolls of identify
 r - a scroll of amnesia
 w - 2 scrolls of magic mapping {!r}
 A - a scroll of poison {!r}
Potions
 b - 4 potions of magic
 c - 2 potions of heal wounds
 i - a potion of mutation {!q}
 k - 6 potions of curing
 t - a potion of attraction {!q}
 u - a potion of brilliance
 B - 3 potions of haste
 Q - a potion of cancellation
 R - 3 potions of lignification {!q}
 Y - 2 potions of might


   Skills:
 + Level 6.7 Fighting
 + Level 6.7 Short Blades
 + Level 6.7 Long Blades
 + Level 6.7 Axes
 + Level 6.7 Maces & Flails
 + Level 6.7 Polearms
 + Level 6.7 Staves
 + Level 6.7 Slings
 + Level 6.7 Bows
 + Level 6.7 Crossbows
 + Level 6.7 Throwing
 + Level 6.7 Armour
 + Level 8.2(8.6) Dodging
 + Level 8.0(8.4) Stealth
 + Level 6.7 Shields
 + Level 6.7 Unarmed Combat
 + Level 8.4 Spellcasting
 + Level 5.5 Conjurations
 + Level 5.5 Hexes
 + Level 5.5 Summonings
 + Level 5.5 Necromancy
 + Level 5.5 Translocations
 + Level 5.5 Transmutations
 + Level 5.5(6.0) Fire Magic
 + Level 9.1(9.5) Ice Magic
 + Level 5.5(6.0) Air Magic
 + Level 5.5(6.0) Earth Magic
 + Level 5.5 Poison Magic
 + Level 7.3 Invocations
 + Level 6.7 Evocations


You had 10 spell levels left.
You knew the following spells:

 Your Spells              Type           Power      Damage    Failure   Level
a - Freeze                Ice            100%       1d11      1%          1
b - Frozen Ramparts       Ice            100%       1d12      1%          3
c - Blink                 Tloc           58%        N/A       1%          2
d - Cause Fear            Hex            14%        N/A       12%         4
x - Vampiric Draining     Necr           29%        2d8       3%          3
A - Ozocubu's Armour      Ice            61%        N/A       1%          3

Your spell library contained the following spells:

 Spells                   Type           Power      Damage    Failure   Level
 Apportation              Tloc           58%        N/A       1%          1
 Slow                     Hex            100%       N/A       1%          1
 Confusing Touch          Hex            29%        N/A       3%          3
 Lesser Beckoning         Tloc           29%        N/A       3%          3
 Hailstorm                Conj/Ice       53%        3d12      5%          4
 Alistair's Intoxication  Tmut/Pois      19%        N/A       32%         5
 Manifold Assault         Tloc           29%        N/A       32%         5
 Dragon Form              Tmut           14%        N/A       100%        7
 Dragon's Call            Summ           14%        N/A       100%        9


Dungeon Overview and Level Annotations

Branches:
Dungeon (10/15)            Temple (1/1) D:7            Lair (0/6) D:9
    Orc: D:9-12

Altars:
Ashenzari
Cheibriados
Dithmenos
Elyvilon
Fedhas
Hepliaklqana
Kikubaaqudgha
Makhleb
Nemelex Xobeh
Okawaru
Qazlal
Ru
Sif Muna
Trog
Uskayaw
Vehumet
Wu Jian
Xom
Yredelemnul
The Shining One
Lugonu

Shops:
D:3 (   D:4 *

Annotations:
D:7 exclusion: ugly thing


Innate Abilities, Weirdness & Mutations

You have very sharp teeth.
Your uncanny sense of smell can sniff out nearby items.
Your experience applies equally to all skills.


Message History

The killer bee buzzes angrily.
You hear an angry buzzing noise.
A kobold comes into view. It is wielding a +0 club.
The wall freezes the killer bee. x2
A killer bee comes into view.
Warning x3: The killer bee is very fast and can poison! x3
The wall freezes the killer bee. x3; You block the killer bee's attack.
The wall freezes the killer bee.
You barely miss the killer bee.
The wall freezes the killer bee. x2
The killer bee completely misses you.
The wall freezes the killer bee.
The wall freezes the kobold.
The wall freezes the killer bee. x2
The frozen ramparts melt away.
The killer bee barely misses you.
A killer bee comes into view.
Warning x2: The killer bee is very fast and can poison!
The killer bee (wandering) is very fast and can poison!
Casting: Frozen Ramparts (safe; 1% risk of failure)
Confirm with . or Enter, or press ? or * to list all spells.
Casting: Frozen Ramparts (safe; 1% risk of failure)
Press: ? - help, Dir - look around, f - activate You feel a surge of power!
The walls around you are covered in ice.
The killer bee buzzes angrily.
You hear an angry buzzing noise. x2
The wall freezes the killer bee but does no damage.
The killer bee stings you but does no damage.
The wall freezes the killer bee.
The killer bee stings you but does no damage.
A killer bee comes into view.
Warning x3: The killer bee is very fast and can poison! x3
You now have 15/23 mp.
The wall freezes the killer bee. x3
Warning x2: The killer bee is very fast and can poison! x2
The wall freezes the killer bee.
The killer bee barely misses you.
The wall freezes the killer bee.
A kobold brigand comes into view.
It is wielding a +0 whip and quivering curare-tipped darts.
The wall freezes the killer bee. x2; The killer bee barely misses you.
You hit the killer bee.
The wall freezes the killer bee.
The killer bee stings you but does no damage.
The wall freezes the killer bee.
Warning x2: The killer bee is very fast and can poison! x2
You completely miss the killer bee.
The wall freezes the killer bee. x2
The wall freezes the killer bee but does no damage.
You block the killer bee's attack.
The wall freezes the kobold brigand.
Your Stealth skill increases to level 8!
You hit the killer bee. You freeze the killer bee!
A troll comes into view.
The wall freezes the kobold brigand!
The kobold brigand throws a curare-tipped dart.
The curare-tipped dart hits you.
You are poisoned.
You have difficulty breathing.
You feel yourself slow down.
Spoiler Alert: The troll can hit for high damage in melee, and regenerates quickly!
You take 7 damage, and have 71/83 hp.
You feel very sick.
The wall freezes the kobold brigand.
Spoiler Alert: The troll can hit for high damage in melee, and regenerates quickly!
You take 5 damage, and have 66/83 hp.
You hit the kobold brigand but do no damage.
You freeze the kobold brigand. Your punch misses the kobold brigand.
You feel very sick.
The wall freezes the troll!
The wall freezes the kobold brigand!
The wall freezes the troll!
Spoiler Alert: The troll can hit for high damage in melee, and regenerates quickly!
You take 4 damage, and have 62/83 hp.
You hit the troll. Your punch misses the troll.
The frozen ramparts melt away.
You feel sick. The troll bites you! The troll claws you but does no damage.
You block the troll's attack.
Spoiler Alert: The troll can hit for high damage in melee, and regenerates quickly!
You take 14 damage, and have 48/83 hp.
You are too injured to fight recklessly!
Spoiler Alert: The troll can hit for high damage in melee, and regenerates quickly!
Casting: Frozen Ramparts (safe; 1% risk of failure)
Confirm with . or Enter, or press ? or * to list all spells.
Casting: Frozen Ramparts (safe; 1% risk of failure)
Press: ? - help, Dir - look around, f - activate You feel a surge of power!
The walls around you are covered in ice.
You feel very sick.
The wall freezes the troll.
The troll bites you but does no damage. The troll claws you! x2
* * * LOW HITPOINT WARNING * * *
Spoiler Alert: The troll can hit for high damage in melee, and regenerates quickly!
You take 24 damage, and have 24/83 hp.
MASSIVE DAMAGE!!
You now have 14/23 mp.
You hit the troll but do no damage.
You feel sick.
The wall freezes the troll.
The troll misses you. The troll closely misses you. The troll claws you.
* * * LOW HITPOINT WARNING * * *
Spoiler Alert: The troll can hit for high damage in melee, and regenerates quickly!
You take 4 damage, and have 20/83 hp.
You hit the troll but do no damage. Your bite misses the troll.
You feel sick.
The wall freezes the troll!
The troll bites you!
* * * LOW HITPOINT WARNING * * *
The troll completely misses you. The troll barely misses you.
The wall freezes the troll.
The troll closely misses you. The troll claws you.
* * * LOW HITPOINT WARNING * * *
The troll claws you.
* * * LOW HITPOINT WARNING * * *
Spoiler Alert: The troll can hit for high damage in melee, and regenerates quickly!
You take 15 damage, and have 5/83 hp.
You closely miss the troll.
You feel sick.
A killer bee comes into view.
The wall freezes the troll.
The troll bites you but does no damage. The troll misses you.
The troll claws you.
You die...

...$ ...h.
### .....
##.y(.....
.)#(....$
#)..YY.h.
#†# #T# ∆
#@# ##'##
##...## ∆
##⌠...⌠##
#.......#
#.<.⌠.<.#
#.......#
##⌠.>.⌠##
##...##


You could see a troll and a killer bee (wandering).

Vanquished Creatures
  3 two-headed ogres
  An ugly thing (D:7)
  Maggie (D:6)
  2 komodo dragons (D:9)
  A kobold demonologist (D:10)
  2 trolls (D:9)
  A shadow (D:9)
  16 yaks
  A wyvern (D:9)
  2 wraiths (D:7)
  3 vampire mosquitoes
  5 steam dragons
  An acid dragon (D:10)
  2 water moccasins
  4 orc warriors
  An ice beast (D:6)
  A sky beast (D:7)
  A swamp drake (D:9)
  A black bear (D:6)
  2 ogres
  6 centaurs
  2 kobold brigands
  2 bullfrogs
  A gnoll sergeant (D:6)
  A necrophage (D:7)
  5 wights (D:6)
  12 killer bees
  5 howler monkeys
  A lava snake (D:8)
  3 jellies
  4 hounds
  9 orc priests
  Jessica (D:3)
  An iguana (D:7)
  8 orc wizards
  5 gnolls
  12 adders
  A white imp (D:5)
  5 ufetubi
  2 dart slugs
  37 orcs
  3 endoplasms
  6 giant cockroaches
  10 hobgoblins
  2 jackals (D:4)
  7 kobolds
  3 quokkas
  6 ball pythons
  A bat (D:3)
  2 frilled lizards
  6 goblins
  6 rats
226 creatures vanquished.

Vanquished Creatures (others)
  A komodo dragon (D:9)
  A wyvern (D:9)
  4 fungi (D:5)
6 creatures vanquished.

Grand Total: 232 creatures vanquished

Notes
Turn   | Place    | Note
-------+----------+-------------------------------------------
     0 | D:1      | IndexError the Gnoll Ice Elementalist began the quest for
                  | the Orb.
     0 | D:1      | Reached XP level 1. HP: 13/13 MP: 6/6
   304 | D:1      | Reached XP level 2. HP: 19/19 MP: 3/7
   423 | D:1      | Found a faded altar of an unknown god.
  1017 | D:2      | Reached skill level 5 in Spellcasting
  1017 | D:2      | Reached XP level 3. HP: 25/25 MP: 7/9
  1020 | D:2      | Reached skill level 1 in Invocations
  1027 | D:1      | Learned a level 3 spell: Frozen Ramparts
  1031 | D:1      | Learned a level 3 spell: Ozocubu's Armour
  1070 | D:2      | You fall into a shaft and drop 1 floor!
  1094 | D:3      | Reached skill level 1 in Fighting
  1094 | D:3      | Reached skill level 1 in Short Blades
  1094 | D:3      | Reached skill level 1 in Long Blades
  1094 | D:3      | Reached skill level 1 in Axes
  1094 | D:3      | Reached skill level 1 in Maces & Flails
  1094 | D:3      | Reached skill level 1 in Polearms
  1094 | D:3      | Reached skill level 1 in Staves
  1094 | D:3      | Reached skill level 1 in Slings
  1094 | D:3      | Reached skill level 1 in Bows
  1094 | D:3      | Reached skill level 1 in Crossbows
  1094 | D:3      | Reached skill level 1 in Throwing
  1094 | D:3      | Reached skill level 1 in Armour
  1094 | D:3      | Reached skill level 1 in Shields
  1094 | D:3      | Reached skill level 1 in Unarmed Combat
  1094 | D:3      | Reached skill level 1 in Evocations
  1094 | D:3      | Reached XP level 4. HP: 32/32 MP: 4/11
  1269 | D:3      | Reached skill level 1 in Conjurations
  1269 | D:3      | Reached skill level 1 in Hexes
  1269 | D:3      | Reached skill level 1 in Summonings
  1269 | D:3      | Reached skill level 1 in Necromancy
  1269 | D:3      | Reached skill level 1 in Translocations
  1269 | D:3      | Reached skill level 1 in Transmutations
  1269 | D:3      | Reached skill level 1 in Fire Magic
  1269 | D:3      | Reached skill level 1 in Air Magic
  1269 | D:3      | Reached skill level 1 in Earth Magic
  1269 | D:3      | Reached skill level 1 in Poison Magic
  1323 | D:3      | Noticed Jessica
  1327 | D:3      | Killed Jessica
  1328 | D:3      | Reached XP level 5. HP: 37/37 MP: 10/12
  1396 | D:3      | Found Qiagemoh's Antique Weapon Shoppe.
  2312 | D:2      | Reached skill level 2 in Invocations
  2312 | D:2      | Reached XP level 6. HP: 44/44 MP: 13/13
  3308 | D:4      | Reached skill level 2 in Fighting
  3308 | D:4      | Reached skill level 2 in Short Blades
  3308 | D:4      | Reached skill level 2 in Long Blades
  3308 | D:4      | Reached skill level 2 in Axes
  3308 | D:4      | Reached skill level 2 in Maces & Flails
  3308 | D:4      | Reached skill level 2 in Polearms
  3308 | D:4      | Reached skill level 2 in Staves
  3308 | D:4      | Reached skill level 2 in Slings
  3308 | D:4      | Reached skill level 2 in Bows
  3308 | D:4      | Reached skill level 2 in Crossbows
  3308 | D:4      | Reached skill level 2 in Throwing
  3308 | D:4      | Reached skill level 2 in Armour
  3308 | D:4      | Reached skill level 5 in Dodging
  3308 | D:4      | Reached skill level 2 in Shields
  3308 | D:4      | Reached skill level 2 in Unarmed Combat
  3308 | D:4      | Reached skill level 2 in Evocations
  3713 | D:4      | Found Piule's Practical Paraphernalia.
  3759 | D:4      | Found a hide-covered altar of Uskayaw.
  3926 | D:4      | Found a shimmering blue altar of Sif Muna.
  4059 | D:4      | Reached XP level 7. HP: 50/50 MP: 11/15
  4688 | D:5      | Entered Level 5 of the Dungeon
  4746 | D:5      | Reached skill level 2 in Conjurations
  4746 | D:5      | Reached skill level 2 in Hexes
  4746 | D:5      | Reached skill level 2 in Summonings
  4746 | D:5      | Reached skill level 2 in Necromancy
  4746 | D:5      | Reached skill level 2 in Translocations
  4746 | D:5      | Reached skill level 2 in Transmutations
  4746 | D:5      | Reached skill level 2 in Fire Magic
  4746 | D:5      | Reached skill level 2 in Air Magic
  4746 | D:5      | Reached skill level 2 in Earth Magic
  4746 | D:5      | Reached skill level 2 in Poison Magic
  4919 | D:5      | Found a blossoming altar of Fedhas.
  5232 | D:5      | Reached skill level 5 in Stealth
  5232 | D:5      | Reached skill level 3 in Invocations
  5290 | D:5      | Found a glowing golden altar of the Shining One.
  5706 | D:6      | Noticed Maggie
  5714 | D:6      | Killed Maggie
  5715 | D:6      | Reached skill level 3 in Fighting
  5715 | D:6      | Reached skill level 3 in Short Blades
  5715 | D:6      | Reached skill level 3 in Long Blades
  5715 | D:6      | Reached skill level 3 in Axes
  5715 | D:6      | Reached skill level 3 in Maces & Flails
  5715 | D:6      | Reached skill level 3 in Polearms
  5715 | D:6      | Reached skill level 3 in Staves
  5715 | D:6      | Reached skill level 3 in Slings
  5715 | D:6      | Reached skill level 3 in Bows
  5715 | D:6      | Reached skill level 3 in Crossbows
  5715 | D:6      | Reached skill level 3 in Throwing
  5715 | D:6      | Reached skill level 3 in Armour
  5715 | D:6      | Reached skill level 3 in Shields
  5715 | D:6      | Reached skill level 3 in Unarmed Combat
  5715 | D:6      | Reached skill level 3 in Evocations
  5715 | D:6      | Reached XP level 8. HP: 36/58 MP: 7/16
  5718 | D:6      | Reached skill level 6 in Spellcasting
  6398 | D:6      | Reached skill level 3 in Conjurations
  6398 | D:6      | Reached skill level 3 in Hexes
  6398 | D:6      | Reached skill level 3 in Summonings
  6398 | D:6      | Reached skill level 3 in Necromancy
  6398 | D:6      | Reached skill level 3 in Translocations
  6398 | D:6      | Reached skill level 3 in Transmutations
  6398 | D:6      | Reached skill level 3 in Fire Magic
  6398 | D:6      | Reached skill level 3 in Air Magic
  6398 | D:6      | Reached skill level 3 in Earth Magic
  6398 | D:6      | Reached skill level 3 in Poison Magic
  6398 | D:6      | Reached skill level 4 in Invocations
  6436 | D:6      | Reached skill level 6 in Dodging
  6436 | D:6      | Reached XP level 9. HP: 60/65 MP: 16/18
  6862 | D:6      | Reached skill level 4 in Fighting
  6862 | D:6      | Reached skill level 4 in Short Blades
  6862 | D:6      | Reached skill level 4 in Long Blades
  6862 | D:6      | Reached skill level 4 in Axes
  6862 | D:6      | Reached skill level 4 in Maces & Flails
  6862 | D:6      | Reached skill level 4 in Polearms
  6862 | D:6      | Reached skill level 4 in Staves
  6862 | D:6      | Reached skill level 4 in Slings
  6862 | D:6      | Reached skill level 4 in Bows
  6862 | D:6      | Reached skill level 4 in Crossbows
  6862 | D:6      | Reached skill level 4 in Throwing
  6862 | D:6      | Reached skill level 4 in Armour
  6862 | D:6      | Reached skill level 4 in Shields
  6862 | D:6      | Reached skill level 4 in Unarmed Combat
  6862 | D:6      | Reached skill level 4 in Evocations
  6998 | D:6      | HP: 9/63 [wight/+5 halberd (8)]
  6999 | D:6      | HP: 3/63 [wight/+5 halberd (6)]
  6999 | D:6      | HP: 1/62 [wight/+5 halberd (2)]
  7510 | D:6      | Found a radiant altar of Vehumet.
  7516 | D:6      | Found a basalt altar of Yredelemnul.
  7519 | D:6      | Found a bloodstained altar of Trog.
  7520 | D:6      | Found a sparkling altar of Nemelex Xobeh.
  7727 | D:7      | Reached skill level 6 in Stealth
  7727 | D:7      | Reached skill level 8 in Ice Magic
  7925 | D:7      | Found a staircase to the Ecumenical Temple.
  8209 | D:7      | Reached skill level 5 in Invocations
  8444 | D:7      | Found an iron altar of Okawaru.
  8525 | D:7      | Reached skill level 7 in Spellcasting
  8542 | D:7      | Found a sacrificial altar of Ru.
  8583 | D:7      | Reached skill level 4 in Conjurations
  8583 | D:7      | Reached skill level 4 in Hexes
  8583 | D:7      | Reached skill level 4 in Summonings
  8583 | D:7      | Reached skill level 4 in Necromancy
  8583 | D:7      | Reached skill level 4 in Translocations
  8583 | D:7      | Reached skill level 4 in Transmutations
  8583 | D:7      | Reached skill level 4 in Fire Magic
  8583 | D:7      | Reached skill level 4 in Air Magic
  8583 | D:7      | Reached skill level 4 in Earth Magic
  8583 | D:7      | Reached skill level 4 in Poison Magic
  8583 | D:7      | Reached XP level 10. HP: 43/73 MP: 14/20
  8785 | D:7      | Noticed a brown ugly thing
  8941 | D:7      | Reached skill level 5 in Fighting
  8941 | D:7      | Reached skill level 5 in Short Blades
  8941 | D:7      | Reached skill level 5 in Long Blades
  8941 | D:7      | Reached skill level 5 in Axes
  8941 | D:7      | Reached skill level 5 in Maces & Flails
  8941 | D:7      | Reached skill level 5 in Polearms
  8941 | D:7      | Reached skill level 5 in Staves
  8941 | D:7      | Reached skill level 5 in Slings
  8941 | D:7      | Reached skill level 5 in Bows
  8941 | D:7      | Reached skill level 5 in Crossbows
  8941 | D:7      | Reached skill level 5 in Throwing
  8941 | D:7      | Reached skill level 5 in Armour
  8941 | D:7      | Reached skill level 5 in Shields
  8941 | D:7      | Reached skill level 5 in Unarmed Combat
  8941 | D:7      | Reached skill level 5 in Evocations
  9572 | D:8      | Reached skill level 7 in Dodging
  9994 | D:8      | Noticed a two-headed ogre
 10154 | D:7      | Killed a brown ugly thing
 10155 | D:7      | Reached skill level 6 in Invocations
 10349 | Temple   | Entered the Ecumenical Temple
 10392 | Temple   | Became a worshipper of Ashenzari the Shackled
 10464 | D:8      | Learned a level 2 spell: Blink
 10666 | D:8      | Reached skill level 7 in Stealth
 10782 | D:8      | HP: 14/74 [two-headed ogre/+0 giant spiked club (8)]
 10784 | D:8      | Killed a two-headed ogre
 11816 | D:9      | Found an ancient bone altar of Kikubaaqudgha.
 11924 | D:9      | Found a stormy altar of Qazlal.
 11924 | D:9      | Found a shadowy altar of Dithmenos.
 11985 | D:9      | Reached XP level 11. HP: 81/81 MP: 22/22
 12259 | D:9      | Reached skill level 6 in Fighting
 12259 | D:9      | Reached skill level 6 in Short Blades
 12259 | D:9      | Reached skill level 6 in Long Blades
 12259 | D:9      | Reached skill level 6 in Axes
 12259 | D:9      | Reached skill level 6 in Maces & Flails
 12259 | D:9      | Reached skill level 6 in Polearms
 12259 | D:9      | Reached skill level 6 in Staves
 12259 | D:9      | Reached skill level 6 in Slings
 12259 | D:9      | Reached skill level 6 in Bows
 12259 | D:9      | Reached skill level 6 in Crossbows
 12259 | D:9      | Reached skill level 6 in Throwing
 12259 | D:9      | Reached skill level 6 in Armour
 12259 | D:9      | Reached skill level 6 in Shields
 12259 | D:9      | Reached skill level 6 in Unarmed Combat
 12259 | D:9      | Reached skill level 6 in Evocations
 12303 | D:9      | Noticed a two-headed ogre
 12338 | D:9      | Killed a two-headed ogre
 12339 | D:9      | Reached skill level 5 in Conjurations
 12339 | D:9      | Reached skill level 5 in Hexes
 12339 | D:9      | Reached skill level 5 in Summonings
 12339 | D:9      | Reached skill level 5 in Necromancy
 12339 | D:9      | Reached skill level 5 in Translocations
 12339 | D:9      | Reached skill level 5 in Transmutations
 12339 | D:9      | Reached skill level 5 in Fire Magic
 12339 | D:9      | Reached skill level 5 in Air Magic
 12339 | D:9      | Reached skill level 5 in Earth Magic
 12339 | D:9      | Reached skill level 5 in Poison Magic
 12510 | D:9      | Reached skill level 8 in Spellcasting
 13636 | D:9      | Reached skill level 9 in Ice Magic
 13636 | D:9      | Reached skill level 7 in Invocations
 13677 | D:9      | Noticed a two-headed ogre
 13702 | D:9      | Killed a two-headed ogre
 13703 | D:9      | Reached skill level 8 in Dodging
 14009 | D:9      | Found a staircase to the Lair.
 14227 | D:4      | Bought a +4 ring of protection for 432 gold pieces
 14574 | D:10     | Entered Level 10 of the Dungeon
 14585 | D:10     | Noticed a two-headed ogre
 14590 | D:9      | HP: 20/83 [poisoned by a hornet]
 14593 | D:9      | HP: 3/83 [hornet (10)]
 14598 | D:9      | HP: 18/83 [poisoned by a hornet]
 14961 | D:9      | Learned a level 4 spell: Cause Fear
 14965 | D:9      | Learned a level 3 spell: Vampiric Draining
 15427 | D:10     | Reached skill level 8 in Stealth
 15432 | D:10     | HP: 20/83 [troll (4)]
 15433 | D:10     | HP: 5/83 [troll (6)]
 15434 | D:10     | Slain by a troll

Illustrated notes

Levels and vault maps discovered:
D:1:      psy_arrival_spokes, layout_loops_ring, basic_ecumenical_altar
D:2:      layout_basic
D:3:      layout_basic, serial_shops, shop, minmay_misc_feat_iff,
          nicolae_elevator_lobby_asterisk, uniq_jessica
D:4:      layout_basic, overflow_temple_1_default, mainiacjoe_overflow_catwalk,
          nicolae_alphabet_shops
D:5:      layout_loops_ring, mainiacjoe_overflow_catch_the_wave
D:6:      layout_cave_pools, mainiacjoe_overflow_alcove_3, uniq_maggie
D:7:      layout_basic, okawaru_gym_becter, nicolae_ru_the_path_less_chosen,
          minmay_temple_entry_mist, kb_rosetta
D:8:      layout_cave_pools, kennysheep_cross_room, kennysheep_minor_cross
D:9:      layout_loops_ring, lemuel_doored_altar,
          gammafunk_temple_overflow_statue, erik_lair_dragon,
          kennysheep_big_empty_room, minmay_increasing_density
D:10:     cheibrodos_shockbox, layout_rooms,
          grunt_temple_overflow_gold_and_silver, grunt_ministairs_7,
          serial_park_tiny_2, minmay_statue_bubble
Temple:   corrupted_temple

Skill      XL: |  1  2  3  4  5  6  7  8  9 10 11 |
---------------+----------------------------------+-----
Spellcasting   | 5 6 7 8 |  8.4
Invocations    | 1 2 3 4 5 6 7 |  7.3
Fighting       | 1 2 3 4 5 6 |  6.7
Short Blades   | 1 2 3 4 5 6 |  6.7
Long Blades    | 1 2 3 4 5 6 |  6.7
Axes           | 1 2 3 4 5 6 |  6.7
Maces & Flails | 1 2 3 4 5 6 |  6.7
Polearms       | 1 2 3 4 5 6 |  6.7
Staves         | 1 2 3 4 5 6 |  6.7
Slings         | 1 2 3 4 5 6 |  6.7
Bows           | 1 2 3 4 5 6 |  6.7
Crossbows      | 1 2 3 4 5 6 |  6.7
Throwing       | 1 2 3 4 5 6 |  6.7
Armour         | 1 2 3 4 5 6 |  6.7
Shields        | 1 2 3 4 5 6 |  6.7
Unarmed Combat | 1 2 3 4 5 6 |  6.7
Evocations     | 1 2 3 4 5 6 |  6.7
Conjurations   | 1 2 3 4 5 |  5.5
Hexes          | 1 2 3 4 5 |  5.5
Summonings     | 1 2 3 4 5 |  5.5
Necromancy     | 1 2 3 4 5 |  5.5
Translocations | 1 2 3 4 5 |  5.5
Transmutations | 1 2 3 4 5 |  5.5
Fire Magic     | 1 2 3 4 5 |  5.5
Air Magic      | 1 2 3 4 5 |  5.5
Earth Magic    | 1 2 3 4 5 |  5.5
Poison Magic   | 1 2 3 4 5 |  5.5
Dodging        | 5 6 7 8 |  8.2
Stealth        | 5 6 7 8 |  8.0
Ice Magic      | 8 9 |  9.1

Action                   |  1- 3 |  4- 6 |  7- 9 | 10-12 || total
-------------------------+-------+-------+-------+-------++-------
Melee: Club              |    13 |       |       |       ||    13
       Bite              |     2 |    14 |    34 |    33 ||    83
       Dagger            |    15 |   118 |   245 |   261 ||   639
       Punch             |       |       |     8 |    10 ||    18
       Staff             |       |       |       |    17 ||    17
Throw: Javelin           |       |       |       |     7 ||     7
 Cast: Freeze            |    19 |    32 |    17 |    25 ||    93
       Frozen Ramparts   |       |     8 |    24 |    27 ||    59
       Ozocubu's Armour  |       |     3 |    11 |    19 ||    33
       Blink             |       |       |       |     1 ||     1
Invok: Curse Item        |       |       |       |     1 ||     1
Evoke: Wand              |       |       |       |     9 ||     9
  Use: Scroll            |       |       |       |    23 ||    23
       Potion            |       |       |       |     1 ||     1
 Stab: Sleeping          |     5 |    10 |    14 |     6 ||    35
       Distracted        |       |     2 |       |       ||     2
Armor: Leather armour    |    11 |    28 |    53 |    87 ||   179
       Robe              |     3 |       |       |       ||     3
Dodge: Dodged            |    26 |    53 |   141 |   171 ||   391
Block: Other             |     1 |    28 |    44 |    69 ||   142
       Reflection        |       |       |       |     2 ||     2

Table legend: (Time is in decaauts)
 A = Elapsed time spent in this place.
 B = Non-inter-level travel time spent in this place.
 C = Inter-level travel time spent in this place.
 D = Time resting spent in this place.
 E = Time spent auto-exploring this place.
 F = Levels seen in this place.
 G = Mean time per level.
                   A        B        C        D        E       F      G
               +--------+--------+--------+--------+--------+-----+--------+
         Total |  15354 |  13404 |   1950 |     21 |  11237 |  11 | 1395.8 |
       Dungeon |  15291 |  13367 |   1924 |     21 |  11210 |  10 | 1529.1 |
        Temple |     62 |     36 |     26 |      0 |     27 |   1 |   62.0 |
               +--------+--------+--------+--------+--------+-----+--------+

Top non-repeatable levels by time:
     D:9: 3045 daAuts
     D:7: 2562 daAuts
     D:8: 1675 daAuts
     D:4: 1618 daAuts
     D:6: 1594 daAuts
     D:5: 1406 daAuts
     D:2: 1112 daAuts
     D:3: 1081 daAuts
     D:1: 1066 daAuts
    D:10: 130 daAuts
  Temple: 62 daAuts

Table legend:
 A = Kills in this place as a percentage of kills in entire the game.
 B = Kills by you in this place as a percentage of kills by you in the entire game.
 C = Kills by friends in this place as a percentage of kills by friends in the entire game.
 D = Other kills in this place as a percentage of other kills in the entire game.
 E = Experience gained in this place as a percentage of experience gained in the entire game.
 F = Experience gained in this place divided by the number of levels of this place that you have seen.
                   A       B       C       D       E      F
               +-------+-------+-------+-------+-------+----------------------
         Total | 100.0 | 100.0 |   N/A | 100.0 | 100.0 | 1551.6
       Dungeon | 100.0 | 100.0 |   N/A | 100.0 | 100.0 | 1706.8
               +-------+-------+-------+-------+-------+----------------------
